 Dungeon Crawl Stone Soup version 0.30.0-11-gf55b779eaf (webtiles) character file.

Game seed: 3917011233410553125

319 gelatine the Chopper (level 6, -4/48 HPs)
             Began as a Demonspawn Berserker on May 17, 2023.
             Was a Believer of Trog.
             Slain by Pikel
             ... wielding a +0 whip of freezing
              (5 damage)
             ... on level 4 of the Dungeon.
             The game lasted 00:06:24 (2090 turns).

gelatine the Chopper (Demonspawn Berserker)         Turns: 2090, Time: 00:06:25

Health: -4/48      AC:  5    Str: 19    XL:     6   Next: 21%
Magic:  0/6        EV: 12    Int:  9    God:    Trog [**....]
Gold:   175        SH:  0    Dex: 12    Spells: 5/5 levels left

rFire   . . .        i - +2 hand axe (heavy)
rCold   . . .        (no shield)
rNeg    . . .        b - +0 animal skin
rPois   +            (no helmet)
rElec   .            p - +1 cloak {rPois}
rCorr   .            d - +0 pair of gloves
SInv    +            (no boots)
Will    ++...        g - amulet of guardian spirit
Stlth   +            j - ring of see invisible
HPRegen 1.28/turn    (no ring)
MPRegen 0.20/turn

%: guardian spirit
@: strong-willed, regenerating
A: ignite blood 2, magic regeneration
a: Renounce Religion, Berserk, Trog's Hand


You were on level 4 of the Dungeon.
You worshipped Trog.
Trog was pleased with you.
You visited 1 branch of the dungeon, and saw 4 of its levels.

You collected 175 gold pieces.

Inventory:

Hand Weapons
 a - a +0 hand axe
 i - a +2 heavy hand axe (weapon)
 w - a +0 war axe
Armour
 b - a +0 animal skin (worn)
 d - a +0 pair of gloves (worn)
 p - a +1 cloak of poison resistance (worn)
Jewellery
 g - an amulet of guardian spirit (around neck)
 j - a ring of see invisible (left hand)
 t - an amulet of magic regeneration
Scrolls
 f - a scroll of noise {unknown}
 l - 4 scrolls of poison {unknown}
 n - 3 scrolls of identify {unknown}
 q - 3 scrolls of amnesia {unknown}
 r - 3 scrolls of teleportation {unknown}
 u - a scroll of magic mapping {unknown}
 y - a scroll of butterflies {unknown}
 z - a scroll of blinking {unknown}
Potions
 c - 2 potions of resistance
 e - 2 potions of haste
 h - a potion of attraction {unknown}
 k - 2 potions of flight {unknown}
 m - 2 potions of heal wounds {unknown}
 o - a potion of degeneration {unknown}
 s - a potion of mutation {unknown}
 v - a potion of might {unknown}
 x - a potion of invisibility {unknown}


   Skills:
 * Level 4.1 Fighting
 * Level 4.8 Axes
 * Level 2.4 Armour
 * Level 3.1 Dodging
 + Level 0.5 Stealth


You had 5 spell levels left.
You didn't know any spells.
Your spell library was empty.

Dungeon Overview and Level Annotations

Branches:
Dungeon (4/15)
 Temple: D:4-7

Altars:
Ru

Annotations:
D:4 Pikel


Innate Abilities, Weirdness & Mutations

Your demonic aura often causes spilled blood to erupt in flames.
You regenerate magic rapidly.


Message History

The lemure closely misses you.
The lemure shouts!
You hit the lemure.
The lemure is lightly wounded.
You hear a shout!
Pikel, Merchant of Souls comes into view.
He is wielding a +0 whip of freezing.
The lemure barely misses you.
You miss the lemure.
The lemure is lightly wounded.
The lemure closely misses you. The lemure hits you.
You hit the lemure.
The lemure is lightly wounded.
You hit Pikel.
Pikel is lightly wounded.
Pikel hits you with a +0 whip of freezing.
Pikel freezes you.
A lemure comes into view.
The lemure shouts!
You hit Pikel.
Pikel is lightly wounded.
Pikel hits you but does no damage.
You hit Pikel but do no damage.
Pikel is lightly wounded.
Pikel hits you with a +0 whip of freezing.
Pikel freezes you.
Pikel hits you with a +0 whip of freezing.
Pikel freezes you.
You hit Pikel.
Pikel is lightly wounded.
Pikel misses you.
Pikel hits you with a +0 whip of freezing!
* * * LOW HITPOINT WARNING * * *
Pikel freezes you.
* * * LOW HITPOINT WARNING * * *
Your skin crawls.
You feel strong-willed.
Pikel hits you with a +0 whip of freezing!
* * * LOW HITPOINT WARNING * * *
Pikel freezes you.
You die...

#.# #.####.##
.... .... # #..#
#..# #. #..# #..#
##.#..###..# #5.#
...........# #..#
........(..###5.#
##.#........@K55#
#
#..####.####.##.#
#.. #.#........#
#>. ..###....####
#.##.# ##.###
#...# ##.# ###.#
##.## #.###.##
###.#..#


You could see Pikel and 3 lemures.

Vanquished Creatures
  An ogre (D:3)
  Crazy Yiuf (D:2)
  Jessica (D:2)
  Natasha (thrice) (D:2)
  An orc wizard (D:3)
  Ijyb (D:3)
  2 adders
  2 orcs (D:3)
  3 ball pythons
  3 endoplasms
  4 giant cockroaches
  6 goblins
  3 hobgoblins
  2 jackals (D:2)
  2 kobolds
  2 quokkas (D:1)
  7 bats
  2 frilled lizards
  2 rats
48 creatures vanquished.

Notes
Turn   | Place    | Note
-------+----------+-------------------------------------------
     0 | D:1      | gelatine the Demonspawn Berserker began the quest for the
                  | Orb.
     0 | D:1      | Reached XP level 1. HP: 18/18 MP: 1/1
   152 | D:1      | Gained mutation: Your demonic aura sometimes causes spilled
                  | blood to erupt in flames. [demonic ancestry]
   152 | D:1      | Reached XP level 2. HP: 19/24 MP: 2/2
   239 | D:1      | Found a faded altar of an unknown god.
   733 | D:2      | Noticed Jessica
   739 | D:2      | Killed Jessica
   740 | D:2      | Gained mutation: You regenerate magic rapidly. [demonic
                  | ancestry]
   740 | D:2      | Reached XP level 3. HP: 26/29 MP: 3/3
   871 | D:2      | Noticed Natasha
   879 | D:2      | Killed Natasha
   879 | D:2      | Reached ** piety under Trog
   880 | D:2      | Gained mutation: Your demonic aura often causes spilled
                  | blood to erupt in flames. [demonic ancestry]
   880 | D:2      | Reached XP level 4. HP: 26/35 MP: 2/4
   930 | D:2      | Noticed Natasha
   933 | D:2      | Killed Natasha
   984 | D:2      | Noticed Natasha
   989 | D:2      | Killed Natasha
  1028 | D:2      | Found a runed translucent door.
  1029 | D:2      | Noticed Crazy Yiuf
  1033 | D:2      | Killed Crazy Yiuf
  1034 | D:2      | Reached XP level 5. HP: 42/42 MP: 5/5
  1423 | D:3      | Noticed an ogre
  1428 | D:3      | Killed an ogre
  1429 | D:3      | Reached XP level 6. HP: 28/48 MP: 3/6
  1582 | D:3      | Noticed Ijyb
  1601 | D:3      | Killed Ijyb
  1754 | D:3      | Found a sacrificial altar of Ru.
  2083 | D:4      | Noticed Pikel
  2090 | D:4      | HP: 1/48 [Pikel/+0 whip of freezing (9)]
  2090 | D:4      | Slain by Pikel

Illustrated notes

Levels and vault maps discovered:
D:1:      matt_arrival_los_fun, layout_rooms,
          shapermc_ecumenical_altar_mp_urbaneastern
D:2:      layout_rooms, serial_forest, infiniplex_forest_lined_corner,
          infiniplex_forest_straight_2, infiniplex_forest_clump_double,
          infiniplex_forest_straight_1, infiniplex_forest_straight_3,
          uniq_jessica, uniq_crazy_yiuf_cottage, uniq_natasha
D:3:      layout_loops_ring, nicolae_overflow_crystal_walls, uniq_ijyb
D:4:      layout_loops_ring, nemelex_xobeh_ov_fountains_minmay,
          mainiacjoe_overflow_boulevard, slow_altar_2, uniq_pikel

Skill      XL: |  1  2  3  4  5 |
---------------+----------------+-----
Axes           | 3 4 |  4.8
Dodging        | 2 3 |  3.1
Armour         | 2 |  2.4
Fighting       | 4 |  4.1
Stealth        | |  0.5

Action                     |  1- 3 |  4- 6 || total
---------------------------+-------+-------++-------
  Melee: Hand axe          |    78 |    63 ||   141
 Invoke: Berserk           |       |     1 ||     1
         Trog's Hand       |       |     1 ||     1
    Use: Potion            |       |     1 ||     1
   Stab: Sleeping          |       |     1 ||     1
 Armour: Animal skin       |    28 |    33 ||    61
  Dodge: Dodged            |    45 |    63 ||   108
